 Dungeon Crawl Stone Soup version 0.28-a0-804-g60983d4ba9 (webtiles) character file.

Game seed: 841507097946381204

5707 jasper the Thaumaturge (level 10, -2/77 HPs)
             Began as a Demonspawn Cinder Acolyte on Nov 7, 2021.
             Was an Initiate of Ignis.
             Slain by a wyvern (10 damage)
             ... on level 8 of the Dungeon.
             The game lasted 00:15:04 (10844 turns).

jasper the Thaumaturge (Demonspawn Cinder Acolyte) Turns: 10844, Time: 00:15:05

Health: -2/77      AC: 11    Str: 15    XL:     10   Next: 48%
Magic:  19/22      EV: 10    Int: 18    God:    Ignis [......]
Gold:   1741       SH:  5    Dex: 11    Spells: 16/25 levels left

rFire   + + .      SeeInvis .   s - +2 hand axe (vamp)
rCold   . . .      Faith    .   (no shield)
rNeg    . . .      Spirit   .   u - +0 scale mail
rPois   .          Reflect  +   y - +0 helmet
rElec   +          Harm     .   (no cloak)
rCorr   +          Rampage  .   E - +0 pair of gloves of Notyull {+Blink rCorr Stlth+}
Will    .....                   j - +0 pair of boots
Stlth   ++........              p - amulet of reflection
HPRegen 0.22/turn               f - ring of fire
MPRegen 0.18/turn               g - ring "Idiokhaza" {rElec rC+ Will- Dex+2}

@: mighty, rising, flying
A: powered by pain 2, sturdy frame 2, weakness stinger 1
a: Renounce Religion, Evoke Blink


You were on level 8 of the Dungeon.
You worshipped Ignis.
Ignis was noncommittal.
You visited 2 branches of the dungeon, and saw 9 of its levels.
You also visited: Bailey.

You collected 1741 gold pieces.

Inventory:

Hand Weapons
 a - a +0 spear of flaming
 s - a +2 vampiric hand axe (weapon)
Missiles
 i - 153 stones
 C - 56 boomerangs
Armour
 b - a +0 robe
 e - a +1 pair of gloves
 j - a +0 pair of boots (worn)
 l - a +0 leather armour
 n - a +0 ring mail
 u - a +0 scale mail (worn)
 y - a +0 helmet (worn)
 E - the +0 pair of gloves of Notyull (worn) {+Blink rCorr Stlth+}
   (You found it in a bailey)

   +Blink:    It lets you blink.
   rCorr:     It protects you from acid and corrosion.
   Stlth:     It makes you more stealthy.
Magical Staves
 q - a staff of cold
Jewellery
 f - a ring of fire (left hand)
 g - the ring "Idiokhaza" (right hand) {rElec rC+ Will- Dex+2}
   (You found it in a bailey)

   [ring of protection from cold]

   Dex:       It affects your dexterity (+2).
   rC:        It protects you from cold.
   rElec:     It insulates you from electricity.
   Will:      It decreases your willpower.
 o - a ring of ice
 p - an amulet of reflection (around neck)
 t - a ring of see invisible
 D - a ring of flight
Scrolls
 d - a scroll of amnesia
Potions
 h - a potion of ambrosia
 r - a potion of degeneration
 v - a potion of cancellation
 x - 2 potions of resistance {unknown}
 z - 2 potions of might
 A - a potion of invisibility {unknown}
 B - a potion of lignification {unknown}
 H - a potion of haste {unknown}


   Skills:
 - Level 6.7 Fighting
 - Level 2.6 Polearms
 - Level 5.3 Armour
 - Level 8.2 Spellcasting
 + Level 3.9 Necromancy
 - Level 4.7 Fire Magic
 - Level 8.0 Poison Magic


You had 16 spell levels left.
You knew the following spells:

 Your Spells              Type           Power      Damage    Failure   Level
a - Scorch                Fire           72%        2d9       3%          2
b - Vampiric Draining     Necr           21%        2d7       9%          3
c - Olgreb's Toxic Radia  Pois           36%        N/A       5%          4

Your spell library contained the following spells:

 Spells                   Type           Power      Damage    Failure   Level
 Sting                    Tmut/Pois      84%        1d7       3%          1
 Poisonous Vapours        Pois/Air       42%        N/A       4%          2
 Slow                     Hex            28%        N/A       16%         1
 Confusing Touch          Hex            7%         N/A       41%         3
 Gell's Gravitas          Tloc           7%         N/A       41%         3
 Teleport Other           Tloc           7%         N/A       41%         3
 Dispersal                Tloc           3%         N/A       100%        6


Dungeon Overview and Level Annotations

Branches:
Dungeon (8/15)             Temple (1/1) D:6            Lair (0/6) D:8
 Bailey (visited)

Altars:
Ashenzari
Dithmenos
Gozag
Kikubaaqudgha
Okawaru
Ru
Vehumet
Xom

Annotations:
D:8 Maurice


Innate Abilities, Weirdness & Mutations

You sometimes gain power by taking damage.
Your movements are less encumbered by armour. (ER -4)
You have a small tail.


Message History

The wyvern barely misses you. Something hits you!
Something steals your scroll of enchant weapon!
The wyvern bites you but does no damage.
You take 1 damage, and have 26/77 hp.
You bump into the tree.
The wyvern closely misses you.
You hear some strange, mumbled words.
The wyvern bites you!
* * * LOW HITPOINT WARNING * * *
You take 8 damage, and have 18/77 hp.
A nearby plant withers and dies.
Maurice appears from thin air!
Reactivating autopickup.
The wyvern closely misses you.
You feel better. The wyvern bites you.
* * * LOW HITPOINT WARNING * * *
Maurice says, "Betcha didn't see that coming, eh?"
You block the wyvern's attack.
Maurice casts a spell.
Maurice flickers and vanishes!
Deactivating autopickup; reactivate with Ctrl-A.
You regained 3 hp, and now have 21/77 hp.
Casting: Olgreb's Toxic Radiance (dangerous; 5% risk of failure)
Confirm with . or Enter, or press ? or * to list all spells.
You begin to radiate toxic energy.
The wyvern is poisoned.
The wyvern bites you.
* * * LOW HITPOINT WARNING * * *
A boomerang appears from out of thin air!
The boomerang hits you.
* * * LOW HITPOINT WARNING * * *
You take 7 damage, and have 14/77 hp.
You now have 18/22 mp.
Your toxic aura wanes.
The wyvern bites you.
* * * LOW HITPOINT WARNING * * *
You take 2 damage, and have 12/77 hp.
You feel better. The wyvern barely misses you.
You regained 11 hp, and now have 23/77 hp.
Okay, then.
You begin to rise into the air.
The wyvern bites you!
* * * LOW HITPOINT WARNING * * *
The wyvern bites you!
You die...

#.. ##.....####..##..###.#
... ##.....## #...##..#..#
..# ##.......#
##..##....## ..
.#..#..#..# #..##....##
....##..#..## #...#...>.#
.....#..#...###.........#
...#......................
..###......P..P...P)..###.
##.....@..)..........##.
#.....♣l♣..............(
.........P.............#
...........P.........###
....#.........P.P....#
#...#♣..P...>......P.# #.
.#.♣.♣♣..........#### #
........P...♣..)....#
#.....P.........P......


You could see a wyvern (poisoned).

Vanquished Creatures
  A two-headed ogre (D:6)
  Pikel (D:6)
  An orc knight (Bailey)
  A hornet (D:8)
  Grinder (D:4)
  4 yaks (D:8)
  2 basilisks (D:8)
  A wyvern (D:8)
  2 water moccasins (D:8)
  5 orc warriors (Bailey)
  3 black bears
  2 ice beasts
  2 ogres (D:5)
  2 necrophages
  3 lemures
  2 bullfrogs
  A gnoll sergeant (D:8)
  4 scorpions
  A bullfrog zombie (D:5)
  A centaur zombie (D:8)
  A hound (D:6)
  5 orc priests
  A jelly (D:3)
  A bullfrog skeleton (D:5)
  8 iguanas
  3 orc wizards
  Natasha (D:4)
  A killer bee zombie (D:7)
  A hound zombie (D:5)
  A howler monkey zombie (D:8)
  7 gnolls
  7 adders
  2 white imps (D:5)
  An ufetubus (D:5)
  A dart slug (D:4)
  20 orcs
  5 endoplasms
  A giant cockroach (D:2)
  17 goblins
  8 hobgoblins
  2 quokkas (D:1)
  10 ball pythons
  4 bats
  4 frilled lizards
  20 kobolds
  6 rats
178 creatures vanquished.

Vanquished Creatures (others)
  123 foxfires
  6 fungi (D:8)
  18 plants (D:8)
147 creatures vanquished.

Grand Total: 325 creatures vanquished

Notes
Turn   | Place    | Note
-------+----------+-------------------------------------------
     0 | D:1      | jasper the Demonspawn Cinder Acolyte began the quest for
                  | the Orb.
     0 | D:1      | Reached XP level 1. HP: 18/18 MP: 2/2
   183 | D:1      | Gained mutation: Your movements are slightly less
                  | encumbered by armour. (ER -2) [demonic ancestry]
   183 | D:1      | Reached XP level 2. HP: 11/24 MP: 3/3
   186 | D:1      | Learned a level 2 spell: Scorch
  1073 | D:2      | Found a faded altar of an unknown god.
  1155 | D:2      | Noticed a scorpion
  1201 | D:2      | Gained mutation: Your movements are less encumbered by
                  | armour. (ER -4) [demonic ancestry]
  1201 | D:2      | Reached XP level 3. HP: 29/29 MP: 1/4
  1265 | D:2      | Killed a scorpion
  1266 | D:2      | Reached XP level 4. HP: 35/35 MP: 2/5
  2356 | D:3      | Reached XP level 5. HP: 41/41 MP: 2/7
  2470 | D:3      | Noticed a necrophage
  2479 | D:3      | Killed a necrophage
  2480 | D:3      | Reached skill level 1 in Armour
  2943 | D:4      | Noticed Grinder
  2960 | D:4      | Killed Grinder
  2961 | D:4      | Gained mutation: You sometimes gain a little power by
                  | taking damage. [demonic ancestry]
  2961 | D:4      | Reached XP level 6. HP: 48/48 MP: 1/11
  3451 | D:4      | Noticed Natasha
  3459 | D:4      | Killed Natasha
  3510 | D:4      | Found an opulent altar of Gozag.
  3568 | D:4      | Reached XP level 7. HP: 42/54 MP: 4/12
  4465 | D:5      | Entered Level 5 of the Dungeon
  4786 | D:5      | Reached skill level 5 in Spellcasting
  4842 | D:5      | Reached skill level 5 in Fighting
  4849 | D:5      | Gained mutation: You sometimes gain power by taking damage.
                  | [demonic ancestry]
  4849 | D:5      | Reached XP level 8. HP: 62/62 MP: 7/15
  4978 | D:5      | Found a shadowy altar of Dithmenos.
  5471 | D:5      | Found a sacrificial altar of Ru.
  5474 | D:5      | Found a radiant altar of Vehumet.
  5477 | D:5      | Found a shimmering altar of Xom.
  5557 | D:6      | Noticed Pikel
  5940 | D:6      | Found a staircase to the Ecumenical Temple.
  5951 | Temple   | Entered the Ecumenical Temple
  6066 | D:6      | Killed Pikel
  6158 | D:6      | Noticed a two-headed ogre
  6168 | D:6      | Killed a two-headed ogre
  6169 | D:6      | Reached skill level 5 in Armour
  6169 | D:6      | Reached XP level 9. HP: 19/71 MP: 15/20
  6635 | D:6      | Learned a level 3 spell: Vampiric Draining
  6965 | D:6      | Found a broken altar of Ashenzari.
  6973 | D:6      | Learned a level 4 spell: Olgreb's Toxic Radiance
  7186 | D:6      | Reached skill level 1 in Necromancy
  7438 | D:7      | Found an iron altar of Okawaru.
  7445 | D:7      | Reached skill level 1 in Poison Magic
  8120 | D:8      | Found an ancient bone altar of Kikubaaqudgha.
  8363 | D:8      | Found a flagged portal.
  8436 | Bailey   | Entered a bailey
  8450 | Bailey   | Noticed an orc knight
  8680 | Bailey   | Killed an orc knight
  8681 | Bailey   | Reached skill level 5 in Poison Magic
  8907 | Bailey   | Gained mutation: You have a small tail. [demonic ancestry]
  8907 | Bailey   | Reached XP level 10. HP: 77/77 MP: 6/22
  9195 | Bailey   | Identified the ring "Idiokhaza" {rElec rC+ Will- Dex+2}
  9200 | Bailey   | Identified the +0 pair of gloves of Notyull {+Blink rCorr
                  | Stlth+}
  9649 | D:8      | Found a staircase to the Lair.
 10433 | D:8      | Identified a scroll of acquirement
 10433 | D:8      | Acquired 952 gold pieces
 10474 | D:8      | Paralysed by a hornet for 2 turns
 10790 | D:8      | Noticed Maurice
 10844 | D:8      | Slain by a wyvern

Illustrated notes

Levels and vault maps discovered:
D:1:      lightli_arrival_noodles, layout_rooms, minmay_tromino_v2
D:2:      layout_loops_ring, hellmonk_ecumenical_altar_crossroads
D:3:      layout_rooms, corexii_leaking_fountain
D:4:      layout_gridville, mainiacjoe_overflow_24_doors, grunt_ministairs_8,
          minmay_starry_boxes, uniq_natasha, uniq_grinder
D:5:      layout_cave_pools, grunt_temple_overflow_diamond,
          mainiacjoe_overflow_alcove_2
D:6:      layout_basic, mainiacjoe_overflow_concentric_impassable,
          minmay_temple_entry_mist, serial_glass, glass_columns_b,
          glass_columns_a, glass_columns_b, glass_columns_b, glass_columns_c,
          glass_columns_a, glass_columns_c, glass_columns_c,
          minmay_misc_feat_more_columns, uniq_pikel
D:7:      layout_basic, okawaru_gym_becter
D:8:      layout_layer_cave, mainiacjoe_overflow_six_doors_small,
          minmay_lair_entry_grove, enter_bailey_4, uniq_maurice
Temple:   nicolae_temple_figure_eight

Skill      XL: |  1  2  3  4  5  6  7  8  9 10 |
---------------+-------------------------------+-----
Fire Magic     | 3 4 |  4.7
Armour         | 2 3 5 |  5.3
Spellcasting   | 3 5 7 8 |  8.2
Fighting       | 4 5 6 |  6.7
Necromancy     | 1 3 |  3.9
Poison Magic   | 5 8 |  8.0
Polearms       | |  2.6

Action                   |  1- 3 |  4- 6 |  7- 9 | 10-12 || total
-------------------------+-------+-------+-------+-------++-------
Melee: Spear             |    54 |     7 |    15 |     2 ||    78
       Hand axe          |       |       |       |    45 ||    45
       Tailslap          |       |       |       |     7 ||     7
Throw: Boomerang         |       |       |    20 |     5 ||    25
 Cast: Scorch            |    13 |    54 |   170 |    12 ||   249
       Olgreb's Toxic Ra |       |       |     7 |    20 ||    27
Invok: Foxfire Swarm     |     1 |     2 |     5 |       ||     8
       Rising Flame      |       |       |       |     1 ||     1
Evoke: Wand              |       |       |    27 |       ||    27
       Phial of floods   |       |       |       |     1 ||     1
  Use: Scroll            |       |     6 |     9 |     2 ||    17
       Potion            |       |       |       |     3 ||     3
Armor: Robe              |     6 |       |       |       ||     6
       Ring mail         |       |       |    15 |       ||    15
       Scale mail        |       |       |     8 |    46 ||    54
Dodge: Dodged            |    15 |     7 |    46 |    78 ||   146
Block: Other             |       |       |     6 |    15 ||    21
       Reflection        |       |       |     4 |       ||     4

Table legend: (Time is in decaauts)
 A = Elapsed time spent in this place.
 B = Non-inter-level travel time spent in this place.
 C = Inter-level travel time spent in this place.
 D = Time resting spent in this place.
 E = Time spent auto-exploring this place.
 F = Levels seen in this place.
 G = Mean time per level.
                   A        B        C        D        E       F      G
               +--------+--------+--------+--------+--------+-----+--------+
         Total |  10870 |  10626 |    244 |   1680 |   7403 |  10 | 1087.0 |
       Dungeon |   9575 |   9331 |    244 |   1171 |   6919 |   8 | 1196.9 |
        Temple |    108 |    108 |      0 |    100 |      0 |   1 |  108.0 |
        Bailey |   1186 |   1186 |      0 |    409 |    484 |   1 | 1186.0 |
               +--------+--------+--------+--------+--------+-----+--------+

Top non-repeatable levels by time:
     D:8: 1565 daAuts
     D:4: 1526 daAuts
     D:5: 1432 daAuts
     D:6: 1253 daAuts
  Bailey: 1186 daAuts
     D:1: 1124 daAuts
     D:2: 1101 daAuts
     D:7: 860 daAuts
     D:3: 711 daAuts
  Temple: 108 daAuts
